 Dungeon Crawl Stone Soup version 0.28.0-43-g3370ac3207 (webtiles) character file.

Game seed: 13330233187301792330

23510 adizb the Brawler (level 12, -2/126 HPs)
             Began as a Troll Fighter on Mar 8, 2022.
             Was a Priest of Hepliaklqana.
             Slain by a yak (5 damage)
             ... on level 4 of the Lair of Beasts.
             The game lasted 00:49:53 (8352 turns).

adizb the Brawler (Troll Fighter)                   Turns: 8352, Time: 00:49:55

Health: -2/126     AC:  7    Str: 31    XL:     12   Next: 72%
Magic:  11/11      EV: 15    Int:  2    God:    Hepliaklqana [***...]
Gold:   312        SH:  0    Dex: 21    Spells: 11/11 levels left

rFire   + + .      SeeInvis .   D - +6 falchion (flame)
rCold   + . .      Faith    .   (no shield)
rNeg    . . .      Spirit   .   H - +1 robe "Gaohe" {rF+ Int-2 Dex+6}
rPois   +          Reflect  .   u - +2 hat
rElec   +          Harm     .   o - scarf {repulsion}
rCorr   +          Rampage  .   (gloves unavailable)
Will    .....      Clarity  +   (boots unavailable)
Stlth   ++........              J - amulet of regeneration
HPRegen 1.91/turn               b - +6 ring of dexterity
MPRegen 0.12/turn               (no ring)

@: resistant, slowed, repel missiles, very slow
A: reduced essence, large, unfitting armour, claws 3, regeneration 1, shaggy fur
1, tough skin 1, clarity, robust 1
a: Renounce Religion, Recall Ancestor, Ancestor Identity, Transference


You were on level 4 of the Lair of Beasts.
You worshipped Hepliaklqana.
Hepliaklqana was most pleased with you.
You visited 3 branches of the dungeon, and saw 13 of its levels.
You also visited: Sewer and Ossuary.

You collected 508 gold pieces.
You spent 196 gold pieces at shops.

Inventory:

Hand Weapons
 g - a +2 mace of holy wrath
 s - the +5 falchion of Kom Och {freeze, rPois}
   (You found it on level 5 of the Dungeon)

   It freezes those it strikes, dealing additional cold damage.
   It can also slow down cold-blooded creatures.
   rPois:     It protects you from poison.
 D - a +6 falchion of flaming (weapon)
Missiles
 f - a throwing net
 C - 9 poisoned darts
 E - 3 boomerangs (quivered)
Armour
 d - a +2 robe of willpower
 o - a scarf of repulsion (worn)
 u - a +2 hat (worn)
 H - the +1 robe "Gaohe" (worn) {rF+ Int-2 Dex+6}
   (You found it on level 2 of the Lair of Beasts)

   Int:       It affects your intelligence (-2).
   Dex:       It affects your dexterity (+6).
   rF:        It protects you from fire.
 L - a +1 hat
Jewellery
 b - a +6 ring of dexterity (left claw)
 n - an amulet of faith
 J - an amulet of regeneration (around neck)
Wands
 j - a wand of iceblast (6)
 p - a wand of digging (10)
 q - a wand of flame (27)
Scrolls
 e - 6 scrolls of teleportation
 k - 3 scrolls of fear
 r - 4 scrolls of enchant armour
 y - 2 scrolls of amnesia
 F - 3 scrolls of identify
 I - a scroll of magic mapping {unknown}
 K - a scroll of fog {unknown}
Potions
 c - 4 potions of might
 h - 2 potions of cancellation
 i - a potion of attraction
 l - 4 potions of curing
 m - a potion of invisibility
 t - a potion of lignification
 v - 4 potions of brilliance
 w - 3 potions of ambrosia
 x - a potion of magic
 z - a potion of resistance
 A - a potion of berserk rage
 B - 2 potions of flight
Miscellaneous
 G - a tin of tremorstones (2/2)


   Skills:
 + Level 10.2 Fighting
 - Level 2.0 Long Blades
 + Level 8.1 Dodging
 - Level 2.4 Shields
 * Level 16.2 Unarmed Combat


You had 11 spell levels left.
You didn't know any spells.
Your spell library contained the following spells:

 Spells                   Type           Power      Damage    Failure   Level
 Slow                     Hex            0%         N/A       54%         1
 Summon Small Mammal      Summ           0%         N/A       54%         1
 Ensorcelled Hibernation  Hex/Ice        0%         N/A       69%         2
 Call Canine Familiar     Summ           0%         N/A       89%         3
 Confusing Touch          Hex            0%         N/A       89%         3
 Portal Projectile        Hex/Tloc       0%         N/A       89%         3
 Spider Form              Tmut/Pois      0%         N/A       89%         3
 Summon Guardian Golem    Hex/Summ       0%         N/A       89%         3
 Vampiric Draining        Necr           0%         2d6       89%         3
 Anguish                  Hex/Necr       0%         N/A       100%        4
 Animate Armour           Summ/Erth      0%         N/A       100%        4
 Leda's Liquefaction      Hex/Erth       0%         N/A       100%        4
 Blade Hands              Tmut           0%         N/A       100%        5
 Fireball                 Conj/Fire      0%         3d3       100%        5
 Iskenderun's Battlesphe  Conj           0%         2d6       100%        5
 Yara's Violent Unravell  Hex/Tmut       0%         3d3       100%        5
 Conjure Ball Lightning   Conj/Air       0%         3x3d6     100%        6
 Iron Shot                Conj/Erth      0%         9d1       100%        6
 Enfeeble                 Hex            0%         N/A       100%        7
 Orb of Destruction       Conj           0%         9d5       100%        7


Dungeon Overview and Level Annotations

Branches:
Dungeon (8/15)             Temple (1/1) D:6            Lair (4/6) D:8
  Swamp (0/4) Lair:2        Snake (0/4) Lair:2        Sewer (visited)
Ossuary (visited)

Altars:
Ashenzari
Cheibriados
Gozag
Hepliaklqana
Nemelex Xobeh
Qazlal
Yredelemnul
Zin
Beogh

Shops:
D:4 *   D:5 ?[   D:7 (


Innate Abilities, Weirdness & Mutations

Your life essence is reduced to manifest your ancestor. (-10% HP)
You are too large for most types of armour.
You have claws for hands.
Your natural rate of healing is unusually fast.
You are covered in fur. (AC +1)
You have tough skin. (AC +1)
You possess an exceptional clarity of mind.
You are robust. (+10% HP)


Message History

As you read the scroll of blinking, it crumbles to dust.
You feel yourself speed up.
Gucio is no longer moving slowly.
Gucio hits the yak with a +0 quarterstaff!
Being near the torpor snail leaves you feeling lethargic.
Gucio hits the four-headed hydra with a +0 quarterstaff!
You slash the yak! You burn the yak.
The yak is heavily wounded.
The yak gores you. The yak completely misses you.
You hit the yak. You burn the yak.
The yak is heavily wounded.
The rime drake breathes ice at you.
The flash freeze is repelled.
The yak gores you!
Gucio hits the four-headed hydra with a +0 quarterstaff!!
The four-headed hydra dies!
The lindwurm breathes flames at you. The blast of flame hits you! You resist.
Gucio points at the yak and mumbles some strange words.
The puff of frost hits the lindwurm.
The rime drake breathes ice at you. The flash freeze hits you!!
* * * LOW HITPOINT WARNING * * *
You are encased in ice.
The lindwurm bites Gucio!!
Gucio is destroyed!
The rime drake completely misses you. The yak gores you!
* * * LOW HITPOINT WARNING * * *
The rime drake bites you but does no damage.
The yak gores you!
* * * LOW HITPOINT WARNING * * *
Okay, then.
You feel protected. The ice encasing you melts away. The yak barely misses you.
The yak gores you.
* * * LOW HITPOINT WARNING * * *
The rime drake bites you.
* * * LOW HITPOINT WARNING * * *
The yak gores you.
You die...

#.###P#.###.....##....†..#
#.#...## ##....#.....#..#
#.....#####.......######
##......####....###
###.#.....#w....##
##.###......#†..##
#..#.##.#......##
##....#####Y...##
#.......#.@k..##
#.........kY..#
####..........#
##.#......## ###
####.....##
##.###..#.#P..##
##.......#.....P#
##.............######
###..#............#.#.#.


You could see a torpor snail, a lindwurm, 2 yaks and a rime drake.

Vanquished Creatures
  5 hydras
  Pikel (D:7)
  3 elephants (Lair:2)
  3 black mambas
  4 cane toads
  A rime drake (Lair:1)
  4 komodo dragons (Lair:2)
  3 blink frogs (Lair:3)
  6 dream sheep
  The ghost of mortz the Digger, an amateur TrEE (D:3)
  A wyvern (Lair:3)
  13 yaks
  A basilisk (Lair:3)
  2 wargs (D:8)
  Menkaure (D:6)
  10 water moccasins
  Duvessa (D:6)
  3 sky beasts (D:6)
  A necrophage (D:5)
  8 wolves (Lair:3)
  A centaur (D:8)
  An ogre (D:5)
  A phantom (D:6)
  A lemure (D:7)
  An elf zombie (Ossuary)
  2 kobold brigands
  A water moccasin zombie (D:3)
  9 bullfrogs
  A scorpion (D:5)
  Dowan (D:6)
  3 howler monkeys
  2 centaur zombies
  3 centaur skeletons
  5 hounds
  A bullfrog skeleton (D:6)
  2 orc priests
  An iron imp (D:8)
  5 iguanas
  5 orc wizards
  2 hell rats (Lair:3)
  A howler monkey zombie (D:7)
  2 mummies (Ossuary)
  A howler monkey skeleton (D:6)
  3 river rats
  7 adders
  A shadow imp (D:7)
  An ufetubus (D:5)
  3 adder zombies (Ossuary)
  2 worms
  A dart slug (D:4)
  24 orcs
  9 ball pythons
  7 bats
  6 endoplasms
  4 giant cockroaches
  5 hobgoblins
  11 jackals
  16 kobolds
  5 quokkas
  2 frilled lizards
  3 goblins (D:2)
  A goblin zombie (Ossuary)
  13 hobgoblin zombies (Ossuary)
  2 jackal zombies (Ossuary)
  7 kobold zombies (Ossuary)
  7 orc zombies (Ossuary)
  4 rats
  A rat zombie (Ossuary)
269 creatures vanquished.

Vanquished Creatures (collateral kills)
  4 hydras
  A black mamba (Lair:2)
  3 elephants (Lair:2)
  A cane toad (Lair:2)
  A komodo dragon (Lair:3)
  A polar bear (Lair:2)
  A blink frog (Lair:3)
  A dream sheep (Lair:2)
  6 yaks
  2 basilisks
  A warg (D:8)
  3 water moccasins (Lair:2)
  2 wolves (Lair:3)
  A bullfrog (Lair:4)
  An orc wizard (D:8)
  2 hell rats (Lair:3)
31 creatures vanquished.

Vanquished Creatures (others)
  2 battlemagi
  8 fungi
  14 plants
24 creatures vanquished.

Grand Total: 324 creatures vanquished

Notes
Turn   | Place    | Note
-------+----------+-------------------------------------------
     0 | D:1      | adizb the Troll Fighter began the quest for the Orb.
     0 | D:1      | Reached XP level 1. HP: 22/22 MP: 0/0
   357 | D:1      | Reached XP level 2. HP: 29/29 MP: 1/1
   918 | D:2      | Reached XP level 3. HP: 36/36 MP: 2/2
  1033 | D:2      | Reached skill level 3 in Unarmed Combat
  1075 | D:2      | Found a faded altar of an unknown god.
  1744 | D:3      | Reached XP level 4. HP: 42/44 MP: 3/3
  1767 | D:3      | Found a runed translucent gate.
  1771 | D:3      | Found a runed translucent gate.
  1771 | D:3      | Found a runed translucent gate.
  1771 | D:3      | Noticed mortz's ghost (amateur TrEE)
  1772 | D:3      | Identified the +7 chain mail of Yghada {rN+ Will- Str+7}
  1860 | D:3      | Found an opulent altar of Gozag.
  2136 | D:3      | Reached skill level 4 in Unarmed Combat
  2136 | D:3      | Reached XP level 5. HP: 52/53 MP: 4/4
  2257 | D:4      | Found a glowing drain.
  2261 | Sewer    | Entered a sewer
  2445 | Sewer    | Reached XP level 6. HP: 61/61 MP: 5/5
  2466 | Sewer    | Reached skill level 11 in Unarmed Combat
  2466 | Sewer    | Reached XP level 7. HP: 78/78 MP: 6/6
  2970 | D:4      | Found Qivogh's Assorted Antiques.
  2981 | D:4      | Bought a thin cabochon amulet for 100 gold pieces
  3084 | D:3      | Killed mortz's ghost
  3188 | D:5      | Entered Level 5 of the Dungeon
  3238 | D:5      | Gained mutation: You are agile. (Dex +2) [potion of
                  | mutation]
  3263 | D:5      | Found a sparkling altar of Nemelex Xobeh.
  3281 | D:5      | Reached XP level 8. HP: 84/87 MP: 7/7
  3314 | D:5      | Found Yzut's Magic Scroll Emporium.
  3537 | D:5      | Found Ettuff's Armour Boutique.
  3583 | D:5      | Identified the +5 falchion of Kom Och {freeze, rPois}
  3939 | D:6      | Noticed Menkaure
  3942 | D:6      | Killed Menkaure
  3961 | D:6      | Noticed Dowan
  3963 | D:6      | Noticed Duvessa
  3971 | D:6      | Killed Duvessa
  3972 | D:6      | Reached skill level 12 in Unarmed Combat
  3981 | D:6      | Killed Dowan
  3982 | D:6      | Reached XP level 9. HP: 41/93 MP: 8/8
  4044 | D:6      | Found a sand-covered staircase.
  4061 | Ossuary  | Entered an ossuary
  4062 | Ossuary  | Lost mutation: You are agile. (Dex +2) [potion of mutation]
  4062 | Ossuary  | Gained mutation: You are robust. (+10% HP) [potion of
                  | mutation]
  4062 | Ossuary  | Gained mutation: You possess an exceptional clarity of
                  | mind. [potion of mutation]
  4451 | D:6      | Found a staircase to the Ecumenical Temple.
  4457 | Temple   | Entered the Ecumenical Temple
  4468 | Temple   | Became a worshipper of Hepliaklqana the Forgotten
  4667 | D:7      | Found Ontaquv's Hydra Hut.
  4694 | D:7      | Noticed an eight-headed hydra
  4698 | D:7      | Bought a +0 falchion of flaming for 96 gold pieces
  4950 | D:7      | Reached * piety under Hepliaklqana
  5060 | D:7      | Noticed Pikel
  5073 | D:7      | Killed Pikel
  5074 | D:7      | Reached skill level 1 in Long Blades
  5243 | D:8      | Found a staircase to the Lair.
  5423 | D:8      | Found a snail-covered altar of Cheibriados.
  5664 | Lair:1   | Entered Level 1 of the Lair of Beasts
  5664 | Lair:1   | Noticed a seven-headed hydra
  5671 | Lair:1   | Killed a three-headed hydra
  5672 | Lair:1   | Reached skill level 5 in Dodging
  5672 | Lair:1   | Reached XP level 10. HP: 24/104 MP: 9/9
  5775 | Lair:1   | Reached skill level 13 in Unarmed Combat
  5860 | Lair:1   | Reached ** piety under Hepliaklqana
  5861 | Lair:1   | Remembered your ancestor Gucio as a battlemage
  5913 | Lair:1   | Noticed a four-headed hydra
  5920 | Lair:1   | Killed a one-headed hydra
  6330 | Lair:2   | Reached XP level 11. HP: 67/113 MP: 10/10
  6415 | Lair:2   | Reached *** piety under Hepliaklqana
  6415 | Lair:2   | Noticed a four-headed hydra
  6430 | Lair:2   | Killed a one-headed hydra
  6431 | Lair:2   | Reached skill level 14 in Unarmed Combat
  6504 | Lair:2   | Found a staircase to the Snake Pit.
  6649 | Lair:2   | Noticed an eight-headed hydra
  6649 | Lair:2   | Noticed an eight-headed hydra
  6681 | Lair:2   | Killed a two-headed hydra
  6713 | Lair:2   | Killed a five-headed hydra
  6921 | Lair:2   | Identified the +1 robe "Gaohe" {rF+ Int-2 Dex+6}
  6928 | Lair:2   | Reached skill level 15 in Unarmed Combat
  6939 | Lair:2   | Reached XP level 12. HP: 79/124 MP: 11/11
  7033 | Lair:2   | Noticed a six-headed hydra
  7039 | Lair:2   | Killed a five-headed hydra
  7201 | Lair:2   | Found a staircase to the Swamp.
  7419 | Lair:3   | Reached **** piety under Hepliaklqana
  7544 | Lair:3   | Noticed an eight-headed hydra
  7552 | Lair:3   | Killed a six-headed hydra
  7713 | Lair:3   | Reached skill level 10 in Fighting
  7926 | Lair:3   | Reached skill level 16 in Unarmed Combat
  8061 | Lair:4   | Noticed a five-headed hydra
  8076 | Lair:4   | Killed a four-headed hydra
  8319 | Lair:4   | Noticed a six-headed hydra
  8348 | Lair:4   | Killed a four-headed hydra
  8352 | Lair:4   | HP: 3/126 [rime drake (4)]
  8352 | Lair:4   | Slain by a yak

Illustrated notes

Levels and vault maps discovered:
D:1:      dpeg_arrival_arbitrary_a, layout_loops_cross,
          minmay_misc_feat_nine_boxes
D:2:      minmay_door_path, layout_loops_cross,
          hellmonk_ecumenical_altar_run_dry, hangedman_decor_opposing
D:3:      layout_loops_ring, grunt_gozag_breadcrumbs, biasface_ghost_orc_armoury
D:4:      layout_rooms, gup_sewer_entry_bowl, serial_shops, nicolae_shop_stone,
          minmay_goblin_kobold_house
D:5:      layout_loops_ring, old_standard_altar, serial_shops,
          nicolae_shop_advertising_works [nicolae_subvault_shop_adworks],
          nicolae_inconvenience_store
D:6:      layout_cave_pools, minmay_temple_entry_fiery,
          nicolae_ossuary_entry_monument, grunt_ministairs_1, uniq_duvessa,
          uniq_menkaure
D:7:      layout_cave_pods, doesnt_shop_hydraphobe, uniq_pikel
D:8:      layout_cave_pools, slow_altar_2, erik_lair_orcish_takeover,
          kennysheep_generic_room_12
Temple:   mainiacjoe_temple_bowtie_tessellation
Lair:1:   layout_misc_corridors, bh_autumn_forest_stairs,
          chequers_serial_rivers_room_b, grunt_megastairs_3
Lair:2:   layout_layer_cave, palyth_hydra_swamp_entry,
          minmay_snake_entry_six_corridors
Lair:3:   layout_regular_city
Lair:4:   layout_hall_layers

Skill      XL: |  1  2  3  4  5  6  7  8  9 10 11 12 |
---------------+-------------------------------------+-----
Unarmed Combat | 3 4 11 12 13 15 16 | 16.2
Fighting       | 3 7 8 9 10 | 10.2
Dodging        | 3 4 5 7 8 |  8.1
Long Blades    | 2 |  2.0
Shields        | |  2.4

Action                   |  1- 3 |  4- 6 |  7- 9 | 10-12 || total
-------------------------+-------+-------+-------+-------++-------
Melee: Unarmed           |    74 |    82 |   266 |   217 ||   639
       Punch             |     1 |     5 |    11 |    25 ||    42
       Falchion          |       |       |     4 |    27 ||    31
Throw: Boomerang         |       |       |       |     5 ||     5
Invok: Ancestor Identity |       |       |     1 |       ||     1
       Ancestor Life: Ba |       |       |       |     1 ||     1
  Use: Scroll            |     2 |       |    15 |     7 ||    24
       Potion            |     3 |     3 |     6 |     1 ||    13
 Stab: Sleeping          |     4 |     1 |     2 |     1 ||     8
       Distracted        |       |       |       |     4 ||     4
Armor: Robe              |    23 |    24 |    87 |    75 ||   209
Dodge: Dodged            |    26 |    31 |   164 |   168 ||   389
       Repelled          |       |       |     2 |     1 ||     3
